 Dungeon Crawl Stone Soup version 0.24-a0-416-g56ce5178b7 (webtiles) character file.

Game seed: 2461916150743905243

539 gruber the Shield-Bearer (level 7, -6/37 HPs)
             Began as a Vine Stalker Fighter on June 9, 2019.
             Killed by divine providence
             ... invoked by an orc priest
              (13 damage)
             ... on level 4 of the Dungeon.
             The game lasted 00:04:51 (2252 turns).

gruber the Shield-Bearer (Vine Stalker Fighter)     Turns: 2252, Time: 00:04:52

Health: -6/37      AC:  7    Str: 20    XL:     7   Next: 26%
Magic:  0/8        EV: 12    Int:  8    God:
Gold:   275        SH: 10    Dex: 14    Spells: 6/6 levels left

rFire    . . .     SeeInvis .   m - +0 rapier (speed)
rCold    . . .     Gourm    .   c - +0 shield
rNeg     . . .     Faith    .   b - +0 scale mail
rPois    .         Spirit   +   (no helmet)
rElec    .         Reflect  .   (no cloak)
rCorr    .         Harm     .   (no gloves)
MR       .....                  g - +0 pair of boots (curse)
Stlth    ..........             (no amulet)
HPRegen  0.52/turn              e - +4 ring of evasion
MPRegen  0.11/turn              (no ring)

@: no status effects
A: fangs 2, regeneration 1, magic shield, antimagic bite, no potion heal 3, rot
immunity
a: no special abilities


You were on level 4 of the Dungeon.
You were hungry.

You visited 1 branch of the dungeon, and saw 4 of its levels.

You collected 275 gold pieces.

Inventory:

Hand Weapons
 a - a +0 long sword
 m - a +0 rapier of speed (weapon)
Armour
 b - a +0 scale mail (worn)
 c - a +0 shield (worn)
 g - a cursed +0 pair of boots (worn)
Jewellery
 e - a +4 ring of evasion (left hand)
Wands
 n - a wand of paralysis (4)
Scrolls
 i - 2 scrolls of amnesia {unknown}
 j - 2 scrolls of identify {unknown}
 k - a scroll of remove curse {unknown}
 l - a scroll of magic mapping {unknown}
Potions
 d - 3 potions of might
 h - a potion of degeneration {unknown}
 o - a potion of resistance {unknown}
Comestibles
 f - 6 rations


   Skills:
 + Level 4.1 Fighting
 - Level 0.1(2.2) Short Blades
 - Level 3.8 Long Blades
 + Level 3.0 Armour
 * Level 1.8 Dodging
 + Level 4.6 Shields


You had 6 spell levels left.
You didn't know any spells.
Your spell library contained the following spells:

 Spells                   Type           Power        Failure   Level  Hunger
 Magic Dart               Conj           #...         99%         1    ##.....
 Blink                    Tloc           N/A          100%        2    ###....
 Call Imp                 Summ           #.......     100%        2    ###....
 Slow                     Hex            #.......     100%        2    ###....
 Conjure Flame            Conj/Fire      #.......     100%        3    ####...
 Mephitic Cloud           Conj/Pois/Air  #.......     100%        3    ####...


Dungeon Overview and Level Annotations

Branches:
Dungeon (4/15)
 Temple: D:4-7

Altars:
Elyvilon


Innate Abilities, Weirdness & Mutations

You have extremely sharp teeth.
Your natural rate of healing is unusually fast.
When hurt, damage is shared between your health and your magic reserves.
Your bite disrupts and absorbs the magic of your enemies.
Potions cannot restore your health.
You are immune to rotting.


Message History

You hit the orc priest. You bite the orc priest.
You kill the orc priest!
The orc priest hits you.
You hit the orc priest. Your bite misses the orc priest.
The orc priest is moderately wounded.
You hit the orc priest.
You bite the orc priest, but do no damage.
The orc priest is moderately wounded.
The orc priest hits you but does no damage.
You closely miss the orc priest.
You bite the orc priest, but do no damage.
The orc priest is moderately wounded.
The orc priest mumbles some strange prayers to Beogh against you.
Pain shoots through your body!
* * * LOW HITPOINT WARNING * * *
You hit the orc priest.
The orc priest is heavily wounded.
The orc priest calls down the wrath of Beogh upon you.
Beogh smites you!
You die...

#.........
#.........
#......... #####
#......... #....
#......... #....
#......... #....
####...##
###....###### #.....
......)@....##
#....#
.....>o####..#
#..... ....### ##.#
#..... ...
########.######..#..
.
+...................
####...##.####..##.#
#...##...........
#....#..#........
#....#..#.#......


You could see an orc priest.

Vanquished Creatures
  Grinder (D:4)
  2 orc wizards (D:2)
  An orc priest (D:4)
  A centaur skeleton (D:4)
  Jessica (D:3)
  Ijyb (D:3)
  5 gnolls
  2 adders
  4 worms
  2 dart slugs
  2 leopard geckos
  6 orcs
  13 bats
  2 giant cockroaches
  8 goblins
  9 hobgoblins
  6 jackals
  A quokka (D:2)
  2 ball pythons (D:1)
  A frilled lizard (D:3)
  12 kobolds
  10 rats
92 creatures vanquished.

Vanquished Creatures (others)
  An orc wizard (D:4)
1 creature vanquished.

Grand Total: 93 creatures vanquished

Notes
Turn   | Place    | Note
-------+----------+-------------------------------------------
     0 | D:1      | gruber the Vine Stalker Fighter began the quest for the
                  | Orb.
     0 | D:1      | Reached XP level 1. HP: 11/11 MP: 2/2
   301 | D:1      | Reached XP level 2. HP: 16/16 MP: 3/3
   693 | D:1      | Reached XP level 3. HP: 17/20 MP: 4/4
  1296 | D:2      | Gained mutation: Your natural rate of healing is unusually
                  | fast. [Vine Stalker growth]
  1296 | D:2      | Reached XP level 4. HP: 20/24 MP: 3/5
  1342 | D:2      | Reached XP level 5. HP: 22/28 MP: 4/6
  1902 | D:3      | Found a white marble altar of Elyvilon.
  2003 | D:3      | Noticed Ijyb
  2003 | D:3      | Noticed Jessica
  2005 | D:3      | Paralysed by Ijyb for 3 turns
  2016 | D:3      | Paralysed by Ijyb for 4 turns
  2023 | D:3      | Killed Ijyb
  2023 | D:3      | Reached XP level 6. HP: 32/32 MP: 7/7
  2029 | D:3      | Killed Jessica
  2094 | D:4      | Noticed Grinder
  2100 | D:4      | Reached skill level 1 in Dodging
  2124 | D:4      | Killed Grinder
  2124 | D:4      | Reached XP level 7. HP: 15/37 MP: 6/8
  2252 | D:4      | Killed from afar by an orc priest

Levels and vault maps discovered:
D:1:      sevenhm_arrival_forest_fort_large_4, layout_basic, nrook_mini_vaults,
          roderic_lattice_a
D:2:      layout_rooms, first_ration, kennysheep_generic_room_9
D:3:      layout_basic, marbit_many_paths, uniq_ijyb, uniq_jessica
D:4:      layout_basic, uniq_grinder

Skill      XL: |  1  2  3  4  5  6 |
---------------+-------------------+-----
Long Blades    | 2 3 |  3.8
Shields        | 3 4 |  4.6
Fighting       | 3 4 |  4.1
Dodging        | 1 |  1.8
Armour         | 3 |  3.0
Short Blades   | |  0.1

Action                   |  1- 3 |  4- 6 |  7- 9 || total
-------------------------+-------+-------+-------++-------
Melee: Long sword        |    95 |    62 |       ||   157
       Bite              |    24 |    64 |    12 ||   100
       Rapier            |       |   112 |    31 ||   143
  Eat: Chunk             |     1 |     3 |       ||     4
Armor: Scale mail        |    34 |    53 |    10 ||    97
Dodge: Dodged            |    36 |    57 |     8 ||   101
Block: Shield            |    43 |    86 |     8 ||   137
       Rpst.: Long sword |     7 |     8 |       ||    15

Table legend:
 A = Non-vault XP
 B = Vault XP
 C = Vault XP percentage of total XP
 D = Non-vault monster count
 E = Vault monster count
 F = Vault count percentage of total count
                 A         B        C        D         E       F
            +---------+---------+-------+---------+---------+-------
      Total |     384 |     387 |  50.2 |      87 |       6 |   6.5
            +---------+---------+-------+---------+---------+-------
        D:1 |      43 |       0 |   0.0 |      28 |       0 |   0.0
        D:2 |     178 |      15 |   7.8 |      31 |       2 |   6.1
        D:3 |      65 |      86 |  57.0 |      23 |       3 |  11.5
        D:4 |      98 |     286 |  74.5 |       5 |       1 |  16.7
            +---------+---------+-------+---------+---------+-------
